 Dungeon Crawl Stone Soup version 0.25.1-2-g60ff931df9 (webtiles) character file.

Game seed: 15618346270121798102

12014 derVerrater the Agent of Entropy (level 11, -4/83 HPs)
             Began as a Demonspawn Abyssal Knight on Sept 8, 2020.
             Was a Priest of Lugonu.
             Slain by a manticore (8 damage)
             ... on level 11 of the Dungeon.
             The game lasted 01:26:57 (18878 turns).

derVerrater the Agent of Entropy (DsAK)            Turns: 18878, Time: 01:26:58

Health: -4/83      AC: 11    Str: 17    XL:     11   Next: 56%
Magic:  20/20      EV: 16    Int: 14    God:    Lugonu [***...]
Gold:   539        SH:  0    Dex: 13    Spells: 8/10 levels left

rFire    + . .     SeeInvis +   E - +0 whip (flame)
rCold    + + .     Gourm    .   (no shield)
rNeg     + . .     Faith    .   g - +0 chain mail
rPois    +         Spirit   .   M - -2 hat of the Alchemist {rElec rPois rF+ rC+ rN+ MR+ rMut rCorr}
rElec    +         Reflect  .   G - +0 cloak
rCorr    +         Harm     .   (no gloves)
rMut     +         Rnd*Rage +   (no boots)
MR       +....                  (no amulet)
Stlth    ..........             C - ring of see invisible
HPRegen  0.23/turn              n - +4 ring of evasion
MPRegen  0.17/turn

@: agile
A: talons 1, iridescent scales 1, berserk 1, cold resistance 1, powered by pain
1, strong 1, MP-powered wands
a: Depart the Abyss, Bend Space, Banish, Renounce Religion


You were on level 11 of the Dungeon.
You worshipped Lugonu.
Lugonu was most pleased with you.
You were hungry.

You visited 2 branches of the dungeon, and saw 12 of its levels.
You visited the Abyss 2 times.

You collected 539 gold pieces.

Inventory:

Hand Weapons
 a - a +0 dire flail
 k - a +1 flail
 E - a +0 whip of flaming (weapon)
 H - a +0 morningstar of distortion
Missiles
 h - 14 poisoned darts (quivered)
 s - 11 boomerangs
 t - 6 curare-tipped darts
 x - 8 atropa-tipped darts
Armour
 b - a +0 plate armour
 g - a +0 chain mail (worn)
 i - a +0 helmet
 y - a +0 scale mail
 G - a +0 cloak (worn)
 I - +1 steam dragon scales
 M - the -2 hat of the Alchemist (worn) {rElec rPois rF+ rC+ rN+ MR+ rMut rCorr}
   (You acquired it on level 10 of the Dungeon)

   It protects you from fire.
   It protects you from cold.
   It insulates you from electricity.
   It protects you from poison.
   It protects you from negative energy.
   It affects your resistance to hostile enchantments.
   It provides partial protection from all sources of acid and corrosion.
   It protects you from mutation.
Jewellery
 n - a +4 ring of evasion (right hand)
 r - an uncursed ring of magical power
 C - a ring of see invisible (left hand)
 D - a cursed amulet of the acrobat {unknown}
 N - an uncursed ring of stealth
Wands
 p - a wand of iceblast (33)
 q - a wand of digging (6)
 J - a wand of acid (5)
 O - a wand of flame (24)
Scrolls
 e - 2 scrolls of fog
 j - 6 scrolls of identify
 l - a scroll of blinking
 m - 7 scrolls of remove curse
 o - 5 scrolls of teleportation
 u - 3 scrolls of magic mapping
 v - 3 scrolls of amnesia
 F - a scroll of enchant weapon
 L - a scroll of silence
Potions
 d - 2 potions of flight
 f - 2 potions of brilliance
 w - a potion of lignification
 z - a potion of resistance
 A - 2 potions of might
 B - a potion of heal wounds
 K - a potion of cancellation
 P - a potion of ambrosia {unknown}
Comestibles
 c - 22 rations
 Q - 4 chunks of flesh


   Skills:
 + Level 6.7 Fighting
 * Level 12.3 Maces & Flails
 + Level 5.7 Armour
 - Level 0.8 Dodging
 + Level 12.3 Invocations


You had 8 spell levels left.
You knew the following spells:

 Your Spells              Type           Power        Failure   Level  Hunger
a - Swiftness             Chrm/Air       #.......     99%         2    ###....

Your spell library contained the following spells:

 Spells                   Type           Power        Failure   Level  Hunger
 Beastly Appendage        Tmut           #.....       98%         1    ##.....
 Passwall                 Tmut/Erth      #.......     99%         2    ###....
 Sticks to Snakes         Tmut           #.......     99%         2    ###....
 Confusing Touch          Hex            #.......     100%        3    ####...
 Gell's Gravitas          Tloc           #.........   100%        3    ####...
 Spider Form              Tmut/Pois      #.........   100%        3    ####...
 Ice Form                 Ice/Tmut       #.......     100%        4    #####..
 Passage of Golubria      Tloc           N/A          100%        4    #####..
 Petrify                  Tmut/Erth      #.......     100%        4    #####..
 Blade Hands              Tmut           #.........   100%        5    ######.
 Lee's Rapid Deconstruct  Erth           #.........   100%        5    ######.
 Metabolic Englaciation   Hex/Ice        #.........   100%        5    ######.
 Yara's Violent Unravell  Hex/Tmut       #.........   100%        5    ######.
 Darkness                 Hex            #.........   100%        6    #######
 Invisibility             Hex            #.......     100%        6    #######


Dungeon Overview and Level Annotations

Branches:
Dungeon (11/15)            Temple (1/1) D:5            Lair (0/6) D:11
    Orc (0/2) D:9

Altars:
Ashenzari
Cheibriados
Dithmenos
Elyvilon
Hepliaklqana
Makhleb
Nemelex Xobeh
Okawaru
Qazlal
Ru
Sif Muna
Trog
Uskayaw
Wu Jian
Xom
Yredelemnul

Shops:
D:8 (   D:9 *


Innate Abilities, Weirdness & Mutations

You have sharp toenails.
You are partially covered in iridescent scales. (AC +2)
Your flesh is cold resistant. (rC+)
You sometimes gain a little power by taking damage.
You tend to lose your temper in combat.
Your muscles are strong. (Str +2)
You expend magic power (3 MP) to strengthen your wands.


Message History

The manticore claws you but does no damage.
The manticore claws you.
* * * LOW HITPOINT WARNING * * *
You hit the manticore but do no damage. You claw the manticore.
The manticore is severely wounded.
Your chain mail prevents you from hitting the manticore.
The manticore is severely wounded.
You carefully extract the barbed spikes from your body.
The manticore barely misses you.
The manticore claws you but does no damage.
The manticore misses you.
You hit the manticore. You burn the manticore.
You claw the manticore, but do no damage.
The manticore is almost dead.
You barely miss the manticore. You claw the manticore.
The manticore is almost dead.
The manticore bites you!
* * * LOW HITPOINT WARNING * * *
The manticore barely misses you. The manticore claws you!
You die...

#######'##
#..........# #..#
######+##### ##.##
#..# #####'##### ###
#..>..รท...# ....
#.........# <....
#.........#####Y.....
#....(....#..@HYY....
#.........'.###YY....
#.........### .=...
#.........# .(..
#.........# ###
###########


You could see a manticore (very poisoned) and 5 yaks.

Vanquished Creatures
  2 unseen horrors (D:10)
  Pikel (D:6)
  An ugly thing (D:11)
  An elephant (D:10)
  Maggie (D:6)
  A troll (D:10)
  A hornet (D:10)
  Grinder (D:4)
  5 hippogriffs
  11 yaks
  A wyvern (D:11)
  2 basilisks (D:10)
  Grum (D:11)
  A warg (D:9)
  5 orc warriors
  3 ice beasts
  A hornet zombie (D:7)
  4 phantoms
  2 sky beasts
  4 slaves
  3 black bears
  An eye of draining (D:11)
  3 ogres
  6 centaurs
  2 wolves (D:11)
  5 big kobolds
  9 bullfrogs
  4 scorpions
  3 killer bees (D:7)
  3 wights
  3 electric eels (D:9)
  2 howler monkeys
  3 crimson imps
  A quasit (D:10)
  2 centaur zombies
  6 hounds
  Crazy Yiuf (D:6)
  2 orc priests
  A bullfrog skeleton (D:6)
  5 iguanas
  3 orc wizards
  6 worker ants
  12 adders
  A shadow imp (D:11)
  2 oozes
  2 adder zombies
  2 adder skeletons
  3 worms
  3 dart slugs (D:1)
  3 leopard geckos
  32 orcs
  4 giant cockroaches
  10 goblins
  7 hobgoblins
  4 quokkas
  A ball python (D:3)
  4 bats
  2 frilled lizards
  2 jackal skeletons (D:2)
  19 kobolds
  A leopard gecko skeleton (D:2)
  13 rats
  A bush (D:6)
  4 fungi (D:9)
255 creatures vanquished.

Vanquished Creatures (others)
  A gargoyle (D:11)
  A troll (D:9)
  2 swamp worms (D:10)
  2 orc warriors
  2 plants (D:10)
8 creatures vanquished.

Grand Total: 263 creatures vanquished

Notes
Turn   | Place    | Note
-------+----------+-------------------------------------------
     0 | Abyss:1  | derVerrater the Demonspawn Abyssal Knight began the quest
                  | for the Orb.
     0 | Abyss:1  | Reached XP level 1. HP: 18/18 MP: 2/2
    90 | Abyss:1  | Noticed a wizard
    94 | D:1      | Escaped the Abyss
   398 | D:1      | Gained mutation: You sometimes gain a little power by
                  | taking damage. [demonic ancestry]
   398 | D:1      | Reached XP level 2. HP: 20/24 MP: 4/4
   404 | D:1      | Reached * piety under Lugonu
   991 | D:1      | Reached XP level 3. HP: 22/29 MP: 5/5
  1686 | D:2      | Reached XP level 4. HP: 17/35 MP: 5/7
  2163 | D:2      | Reached ** piety under Lugonu
  2314 | D:2      | Gained mutation: You are partially covered in iridescent
                  | scales. (AC +2) [demonic ancestry]
  2314 | D:2      | Reached XP level 5. HP: 8/41 MP: 8/8
  3246 | D:3      | Found an iron altar of Okawaru.
  3492 | D:4      | Noticed a phantom
  3493 | D:4      | Noticed a centaur
  3516 | D:3      | Gained mutation: Armour fits poorly on your strangely
                  | shaped body. [potion of mutation]
  3516 | D:3      | Gained mutation: Your spells are a little harder to cast,
                  | but a little more powerful. [potion of mutation]
  3541 | D:3      | Killed a phantom
  3541 | D:3      | Reached skill level 5 in Invocations
  3541 | D:3      | Reached XP level 6. HP: 35/47 MP: 9/9
  3743 | D:3      | Lost mutation: Your spells are a little harder to cast, but
                  | a little more powerful. [potion of mutation]
  3743 | D:3      | Lost mutation: Armour fits poorly on your strangely shaped
                  | body. [potion of mutation]
  3743 | D:3      | Gained mutation: You tend to lose your temper in combat.
                  | [potion of mutation]
  3743 | D:3      | Gained mutation: Your muscles are strong. (Str +2) [potion
                  | of mutation]
  3743 | D:3      | Gained mutation: You expend magic power (3 MP) to
                  | strengthen your wands. [potion of mutation]
  3873 | D:3      | Reached skill level 5 in Maces & Flails
  4661 | D:4      | Noticed Grinder
  4683 | D:4      | Killed Grinder
  4683 | D:4      | Reached XP level 7. HP: 17/52 MP: 11/11
  5316 | D:5      | Entered Level 5 of the Dungeon
  5817 | D:5      | Gained mutation: You have sharp toenails. [demonic
                  | ancestry]
  5817 | D:5      | Reached XP level 8. HP: 56/58 MP: 13/13
  6221 | D:5      | Found a staircase to the Ecumenical Temple.
  6230 | Temple   | Entered the Ecumenical Temple
  6751 | D:5      | Found a shattered altar of Ashenzari.
  6922 | D:5      | Reached *** piety under Lugonu
  7023 | D:6      | Found a stormy altar of Qazlal.
  7489 | D:6      | Found a sparkling altar of Nemelex Xobeh.
  7707 | D:6      | Noticed Pikel
  7868 | D:6      | Killed Pikel
  7868 | D:6      | Gained mutation: Your flesh is cold resistant. (rC+)
                  | [demonic ancestry]
  7868 | D:6      | Reached XP level 9. HP: 47/63 MP: 16/16
  8159 | D:6      | Noticed Maggie
  8174 | D:6      | Cast into level 1 of the Abyss (Maggie)
  8193 | D:6      | Escaped the Abyss
  8205 | D:6      | Killed Maggie
  8369 | D:6      | Found a runed translucent door.
  8370 | D:6      | Noticed Crazy Yiuf
  8379 | D:6      | Killed Crazy Yiuf
  8379 | D:6      | Reached skill level 10 in Invocations
  8476 | D:6      | Reached skill level 10 in Maces & Flails
  9429 | D:7      | Reached **** piety under Lugonu
 10416 | D:8      | Reached XP level 10. HP: 57/71 MP: 17/17
 10709 | D:8      | Found Biucwu Rysal's Weapon Shoppe.
 11493 | D:9      | HP: 2/73 [troll (7)]
 12431 | D:9      | Reached skill level 5 in Fighting
 12779 | D:9      | Found a staircase to the Orcish Mines.
 14394 | D:9      | Found Guguhid's General Store.
 14791 | D:10     | Entered Level 10 of the Dungeon
 14795 | D:10     | Noticed an unseen horror
 14814 | D:10     | Killed an unseen horror
 15488 | D:10     | Noticed an unseen horror
 15509 | D:10     | Killed an unseen horror
 15509 | D:10     | Reached XP level 11. HP: 77/81 MP: 19/19
 16030 | D:10     | Reached skill level 5 in Armour
 16622 | D:10     | Identified a scroll of acquirement
 16622 | D:10     | Acquired the -2 hat of the Alchemist {rElec rPois rF+ rC+
                  | rN+ MR+ rMut rCorr}
 16623 | D:10     | Found the -2 hat of the Alchemist {rElec rPois rF+ rC+ rN+
                  | MR+ rMut rCorr}
 16818 | D:10     | Learned a level 2 spell: Swiftness
 17036 | D:11     | Found a staircase to the Lair.
 17808 | D:11     | Noticed Grum
 17835 | D:11     | Killed Grum
 18453 | D:11     | Noticed a white ugly thing
 18480 | D:11     | Killed a white ugly thing
 18484 | D:11     | HP: 4/83 [gargoyle/stone arrow (19)]
 18878 | D:11     | HP: 4/83 [manticore (16)]
 18878 | D:11     | Slain by a manticore

Illustrated notes

Levels and vault maps discovered:
D:1:      dpeg_arrival_arbitrary_c, layout_basic, grunt_decor_one_mirror,
          hangedman_abyss_or_decor_lesser_grid, chequers_serial_rivers_marsh
D:2:      layout_loops_cross, first_ration, serial_undead, serial_undead_e,
          serial_undead_a, serial_undead_d, serial_undead_c,
          kennysheep_minor_cross, minmay_hedge_maze
D:3:      layout_basic, okawaru_metal_pillars_1_2
D:4:      layout_rooms, uniq_grinder
D:5:      minmay_skewed_foursquare, layout_cave_pools, evilmike_ruin_ashenzari,
          minmay_temple_entry_mist
D:6:      layout_cave_pools, serial_park, serial_park_square2,
          serial_park_square2, nicolae_qazlal_general_emergency, uniq_maggie,
          uniq_pikel, uniq_crazy_yiuf_cottage
D:7:      layout_basic
D:8:      layout_gridville, serial_shops, shop_fountains
D:9:      layout_cave_pools, david_orc_1_choice, serial_shops,
          kennysheep_mini_moat, water_boxes_lemuel
D:10:     layout_irregular_city, blue_anna_alchemist [blue_anna_fruit_fields,
          blue_anna_fruit_fields], worms_lemuel
D:11:     layout_roguey, david_lair_generic, serial_shops,
          nicolae_shop_waterfront, uniq_grum
Temple:   dpeg_three_leaves_temple

Skill      XL: |  1  2  3  4  5  6  7  8  9 10 11 |
---------------+----------------------------------+-----
Maces & Flails | 2 3 4 6 7 9 10 11 12 | 12.3
Invocations    | 3 4 5 6 7 9 10 11 12 | 12.3
Armour         | 3 4 5 |  5.7
Fighting       | 4 5 6 |  6.7
Dodging        | |  0.8

Action                   |  1- 3 |  4- 6 |  7- 9 | 10-12 || total
-------------------------+-------+-------+-------+-------++-------
Melee: Mace              |   107 |   192 |   358 |       ||   657
       Kick              |       |       |   183 |   298 ||   481
       Whip              |       |       |   195 |   863 ||  1058
Throw: Dart              |    14 |    16 |    58 |    41 ||   129
       Boomerang         |       |       |    14 |     4 ||    18
Invok: Depart the Abyss  |     1 |       |       |       ||     1
       Bend Space        |       |       |     1 |     1 ||     2
       Banish            |       |       |       |     6 ||     6
  Use: Potion            |       |    11 |     1 |     4 ||    16
       Scroll            |       |     5 |     5 |     7 ||    17
 Stab: Sleeping          |     2 |     1 |       |       ||     3
  Eat: Chunk             |     2 |    10 |    13 |    14 ||    39
       Ration            |       |       |     2 |     4 ||     6
Armor: Leather armour    |    23 |    40 |     2 |       ||    65
       Skin              |       |     2 |       |       ||     2
       Ring mail         |       |       |    36 |       ||    36
       Scale mail        |       |       |    95 |    10 ||   105
       Chain mail        |       |       |       |   184 ||   184
Dodge: Dodged            |    75 |   112 |   265 |   236 ||   688
